 Dungeon Crawl Stone Soup version 0.31-a0-237-g2d982f9f85 (webtiles) character file.

Game seed: 13792797477363864435

99 qw the Shooter (level 4, -2/36 HPs)
             Began as a Minotaur Hexslinger on July 11, 2023.
             Killed from afar by an orc wizard (6 damage)
             ... with a magic dart
             ... on level 3 of the Dungeon.
             The game lasted 00:00:50 (1444 turns).

qw the Shooter (Minotaur Hexslinger)                Turns: 1444, Time: 00:00:50

Health: -2/36      AC:  5    Str: 13    XL:     4   Next: 45%
Magic:  4/4        EV: 11    Int: 10    God:
Gold:   166        SH:  0    Dex: 14    Spells: 4/5 levels left

rFire   + . .        Y - +1 sling
rCold   . . .        (no shield)
rNeg    . . .        h - +0 ring mail
rPois   .            (helmet restricted)
rElec   .            (no cloak)
rCorr   .            (no gloves)
SInv    .            (no boots)
Will    .....        (no amulet) Stlth
                     b - ring of protection from fire
HPRegen 0.26/turn    (no ring)
MPRegen 0.09/turn

%: no passive effects
@: confused
A: horns 2, retaliatory headbutt
a: no special abilities


You were on level 3 of the Dungeon.
You visited 1 branch of the dungeon, and saw 3 of its levels.

You collected 166 gold pieces.


Innate Abilities, Weirdness & Mutations

You have a pair of horns on your head.
You reflexively headbutt those who attack you in melee.


   Skills:
 - Level 2.0 Fighting
 + Level 4.8 Ranged Weapons
 - Level 1.0 Armour
 - Level 2.1 Dodging
 - Level 1.0 Spellcasting
 - Level 2.0 Hexes


You had 4 spell levels left.
You knew the following spells:

 Your Spells              Type           Power      Damage    Failure   Level
a - Slow                  Hex            16%        N/A       32%         1

Your spell library contained the following spells:

 Spells                   Type           Power      Damage    Failure   Level
 Inner Flame              Hex/Fire       2%         N/A       82%         3
 Portal Projectile        Hex/Tloc       4%         N/A       82%         3
 Cause Fear               Hex            2%         N/A       97%         4

Inventory:

Hand Weapons
 Y - a +1 sling (weapon)
Armour
 h - a +0 ring mail (worn)
Jewellery
 b - a ring of protection from fire (left hand)
Scrolls
 g - a scroll of identify
Potions
 e - a potion of attraction {unknown}
 f - a potion of might {unknown}
 i - a potion of invisibility {unknown}

Dungeon Overview and Level Annotations

Branches:
Dungeon (3/15)

Altars:


Message History

You hear some strange, mumbled words.
Something tries to affect you, but you resist.
The orc closely misses you. Something hits you. The orc barely misses you.
The kobold throws a stone.
The stone closely misses you. Something hits you. The orc closely misses you.
The kobold throws a stone.
Something hits you. The orc hits you with a +0 club.
1431 ||| DRINKING potion of heal wounds.
You feel much better. Something hits you but does no damage.
The orc hits you but does no damage. Something hits you.
The orc hits you but does no damage.
The kobold throws a stone.
Something hits you but does no damage. The orc barely misses you.
You feel less confused. Something hits you. The orc misses you.
You furiously retaliate!
You headbutt the orc, but do no damage. You shoot a sling bullet.
The sling bullet closely misses the orc.
The kobold throws a stone.
The stone hits you but does no damage.
You hear some strange, mumbled words.
You are confused.
The orc hits you with a +0 club.
The kobold throws a stone.
The stone barely misses you.
You hear some strange, mumbled words.
You are more confused.
The orc hits you with a +0 club. Something hits you.
The orc closely misses you.
The kobold throws a stone.
The stone misses you. Something hits you but does no damage.
The orc hits you with a +0 club. Something hits you.
The orc closely misses you. Something hits you.
The orc hits you but does no damage.
The kobold throws a stone.
Something hits you. The orc misses you. Something hits you. The orc misses you.
The orc wizard shouts!
Something hits you but does no damage. The orc hits you but does no damage.
The kobold throws a stone.
You hear some strange, mumbled words.
A magic dart appears from out of thin air!
The magic dart hits you.
You die...

..####....## #.
..........#####. .
#.###..........<... ..
...#.......# ...
#.#.......#
....#.........#
..o....#......#
.......#......## ###
#...@..##...# ##..
####{o..###.######(..
#.K##.........#.... ..
#.!.....##..)#.#....
.....#####..###........
.)## #.# ##>......
.....## ###.#####.....<
.# #.#. .........#....
#...####.#######....


You could see an orc wizard, an orc and a kobold.

Vanquished Creatures
  2 adders
  3 worms (D:2)
  5 orcs
  2 bats
  5 endoplasms
  3 giant cockroaches
  4 goblins
  9 hobgoblins
  7 jackals
  A quokka (D:2)
  4 ball pythons
  3 frilled lizards
  5 kobolds
  9 rats
62 creatures vanquished.

Notes
Turn   | Place    | Note
-------+----------+-------------------------------------------
     0 | D:1      | qw the Minotaur Hexslinger began the quest for the Orb.
     0 | D:1      | Reached XP level 1. HP: 16/16 MP: 1/1
     0 | D:1      | 0 ||| qw: Version: 0.3-a-52-g30416fa
     0 | D:1      | 0 ||| qw: Game counter: 5839
     0 | D:1      | 0 ||| qw: Melee chars always use a shield: true
     0 | D:1      | 0 ||| qw: God list: Okawaru
     0 | D:1      | 0 ||| qw: Allow faded altars: false
     0 | D:1      | 0 ||| qw: Do Orc after clearing Dungeon:15 true
     0 | D:1      | 0 ||| qw: Do second Lair branch before Depths: true
     0 | D:1      | 0 ||| qw: Lair rune preference: random
     0 | D:1      | 0 ||| qw: Goals: Normal
     0 | D:1      | 0 ||| PLANNING D:1-11
    88 | D:1      | Reached skill level 3 in Ranged Weapons
    88 | D:1      | Reached XP level 2. HP: 23/23 MP: 2/2
   345 | D:1      | Reached XP level 3. HP: 18/29 MP: 3/3
   403 | D:1      | 403 ||| UPGRADING to +0 ring mail.
   413 | D:1      | 413 ||| DROPPING +0 robe.
   414 | D:1      | 414 ||| READING 2 scrolls labelled DIW JOAFFOYHEPT.
   418 | D:1      | 418 ||| READING scroll labelled CEYZXAI GUOSA.
   422 | D:1      | 422 ||| READING scroll labelled YFINUI YJEPH.
   423 | D:1      | 423 ||| DRINKING 2 purple potions.
   424 | D:1      | 424 ||| DROPPING scroll of poison.
   660 | D:2      | Reached skill level 4 in Ranged Weapons
   900 | D:2      | Reached skill level 1 in Armour
  1093 | D:2      | Reached XP level 4. HP: 36/36 MP: 4/4
  1236 | D:2      | 1236 ||| UPGRADING to ring of protection from fire.
  1237 | D:2      | 1237 ||| READING 2 scrolls of identify.
  1237 | D:2      | 1237 ||| IDENTIFYING lumpy dark potion
  1238 | D:2      | 1238 ||| DROPPING potion of ambrosia.
  1269 | D:3      | 1269 ||| STAIRDANCE
  1276 | D:2      | HP: 7/36 [orc/+0 club (3)]
  1277 | D:2      | 1277 ||| READING scroll of teleportation.
  1278 | D:2      | 1278 ||| DRINKING 2 potions of heal wounds.
  1320 | D:3      | 1320 ||| FLEEEEING.
  1321 | D:3      | 1321 ||| FLEEEEING.
  1322 | D:3      | 1322 ||| FLEEEEING.
  1323 | D:3      | 1323 ||| FLEEEEING.
  1324 | D:3      | 1324 ||| FLEEEEING.
  1325 | D:3      | 1325 ||| STAIRDANCE
  1345 | D:3      | 1345 ||| STAIRDANCE
  1418 | D:3      | 1418 ||| Stepping ~*~*~tactically~*~*~ (outnumbered).
  1430 | D:3      | HP: 9/36 [orc/+0 club (1)]
  1431 | D:3      | 1431 ||| DRINKING potion of heal wounds.
  1441 | D:3      | HP: 9/36 [something (5)]
  1442 | D:3      | HP: 4/36 [something (5)]
  1444 | D:3      | Killed from afar by an orc wizard

Levels and vault maps discovered:
D:1:      scummos_arrival_checkerplants, layout_rooms
D:2:      layout_loops_cross
D:3:      layout_rooms, minmay_door_square

Skill      XL: |  1  2  3 |
---------------+----------+-----
Ranged Weapons | 3 4 |  4.8
Fighting       | 2 |  2.0
Armour         | 1 |  1.0
Dodging        | |  2.1
Spellcasting   | |  1.0
Hexes          | |  2.0

Action                     |  1- 3 |  4- 6 || total
---------------------------+-------+-------++-------
   Fire: Sling             |   147 |    54 ||   201
    Use: Scroll            |     3 |     2 ||     5
         Potion            |     1 |     2 ||     3
 Armour: Robe              |     1 |       ||     1
         Ring mail         |     7 |    24 ||    31
  Dodge: Dodged            |    33 |    32 ||    65

Table legend:
 A = Non-vault XP
 B = Vault XP
 C = Vault XP percentage of total XP
 D = Non-vault monster count
 E = Vault monster count
 F = Vault count percentage of total count
                 A         B        C        D         E       F
            +---------+---------+-------+---------+---------+-------
      Total |     142 |       0 |   0.0 |      62 |       0 |   0.0
            +---------+---------+-------+---------+---------+-------
        D:1 |      42 |       0 |   0.0 |      25 |       0 |   0.0
        D:2 |      74 |       0 |   0.0 |      31 |       0 |   0.0
        D:3 |      26 |       0 |   0.0 |       6 |       0 |   0.0
            +---------+---------+-------+---------+---------+-------
